Map: 零纪元-天梯版

Players

Neeb - Winner!

  • Race: Protoss Protoss

ShoWTimE

  • Race: Protoss Protoss

Event: WESG 2018 Grand Finals

VOD

Have the link to the VOD?

Description

Time

  • Played on: March 11, 2019, 4:36 a.m.
  • Length: 6:10

All games in this series

Show
View Real Time Build Order
Export as new Build Order

Neeb Protoss - Winner!

Build Orders: 1 Gate Expand 

Get SALT Encoding   

  12  0:00  Probe  
  13  0:12  Probe  
  14  0:18  Pylon  
  14  0:25  Probe  
  15  0:33  Probe  
  15  0:41  Probe  
  16  0:43  Gateway  
  17  0:50  Assimilator  
  17  0:51  Probe  
  18  1:03  Probe  
  19  1:15  Probe  
  20  1:30  Cybernetics Core  
  20  1:36  Nexus  
  20  1:40  Probe  
  21  1:47  Pylon  
  21  1:52  Probe  
  22  1:55  Assimilator  
  22  1:58  Stalker  
  22  2:04  Probe  
  23  2:10  Warp Gate  
  25  2:17  Probe  
  25  2:21  Stalker  
  26  2:29  Probe  
  29  2:41  Probe  
  30  2:44  Robotics Facility  
  30  2:48  Probe  
  31  2:51  Stalker  
  31  2:53  Probe  
  34  3:01  Pylon  
  34  3:03  Probe  
  35  3:11  Shield Battery  
  35  3:13  Sentry  
  35  3:17  Gateway  
  35  3:22  Immortal  
  41  3:36  Shield Battery  
  42  3:41  Probe x2  
  42  3:47  Pylon  
  43  3:53  Warp Prism  
  43  3:58  Robotics Bay  
  44  4:12  Adept x2  
  48  4:24  Shield Battery  
  48  4:28  Immortal  
  52  4:44  Stalker  
  54  4:47  Adept  
  53  4:56  Shield Battery  
  43  5:07  Stalker  
  43  5:08  Stalker  
  41  5:20  Disruptor  
  39  5:28  Probe  
  39  5:29  Probe  
  44  5:38  Adept x2  
  44  5:40  Probe  
  49  5:44  Pylon, Probe  
  50  6:05  Stalker  
  50  6:07  Stalker  
Show
View Real Time Build Order
Export as new Build Order

ShoWTimE Protoss 

Build Orders:  

Get SALT Encoding   

  12  0:00  Probe  
  13  0:12  Probe  
  14  0:18  Pylon  
  14  0:24  Probe  
  15  0:32  Probe  
  15  0:38  Gateway  
  15  0:40  Probe  
  16  0:47  Assimilator  
  17  0:50  Probe  
  17  0:56  Assimilator  
  18  0:58  Probe  
  19  1:06  Probe  
  20  1:13  Gateway  
  20  1:17  Probe  
  21  1:25  Cybernetics Core  
  21  1:29  Probe  
  22  1:36  Pylon  
  22  1:41  Probe  
  23  2:01  Stalker  
  23  2:02  Stalker, Warp Gate  
  27  2:14  Robotics Facility  
  27  2:31  Stalker  
  27  2:32  Stalker  
  31  2:44  Pylon  
  31  2:52  Gateway  
  31  2:56  Immortal  
  31  3:11  Sentry  
  37  3:16  Pylon  
  37  3:25  Warp Prism  
  39  3:49  Adept x2  
  39  3:50  Adept  
  45  3:56  Pylon  
  45  4:01  Observer  
  46  4:17  Adept  
  46  4:18  Sentry x2  
  46  4:23  Pylon  
  50  4:46  Adept x3  
  46  5:07  Adept x3  
  36  5:33  Stalker  
  36  5:34  Stalker x2  
  40  5:37  Probe  
  39  6:08  Adept x3  
Tags
 
Add a new tag
Caveats
  • Supply blocks, unpowered buildings, or Contaminate may cause inaccurate times.
  • Supply counts are checked every 10 seconds.